AoeStats
← Goffs

Arena

507219628Analyzed
1v1 RM · 16d ago on Sep 17, 2026· 42m 16s· 2 players
Game mode
Random Map
Map size
Tiny (2 player)
Population
200
Speed
Normal
Resources
Standard
Victory
Conquest
Starting age
Dark Age
Ending age
Imperial Age
RankedLock teamsTeams togetherTeam positionsShared explorationLock speedFull tech treeHidden civsTurbo modeCheats
Victory
Defeat
🇸🇪 Vietnamese · Sweden
1156
+18
🇦🇷 Turks · Argentina
1190
-18
Legaenn
10:26 Feudal Age
15:00 Castle Age
13:24 Horse Collar
14:13 Double-Bit Axe
15:54 Stone Mining
18:46 Wheelbarrow
22:09 Fletching
23:39 Bow Saw
23:51 Bodkin Arrow
23:50 Loom
24:08 Town Watch
25:17 Gold Mining
27:05 Padded Archer Armor
30:32 Imperial Age
30:04 Leather Archer Armor
31:15 Ballistics
31:38 Thumb Ring
32:12 Bracer
32:42 Ring Archer Armor
33:17 Chemistry
33:08 Elite Rattan Archer
35:07 Elite Skirmisher
37:25 Imperial Skirmisher
Goffs
10:53 Feudal Age
15:23 Castle Age
13:46 Double-Bit Axe
13:53 Horse Collar
14:37 Gold Mining
21:16 Wheelbarrow
23:06 Hand Cart
23:07 Bow Saw
23:49 Town Watch
24:14 Stone Mining
28:45 Imperial Age
28:55 Heavy Plow
33:09 Gold Shaft Mining
33:56 Fletching
34:08 Padded Archer Armor
39:07 Thumb Ring
40:02 Bloodlines
39:52 Husbandry
39:56 Cavalier
40:54 Forging
40:50 Scale Barding Armor
Connection lost

Rejoining the realm…

Still unreachable

The connection could not be restored.

Session expired

The server has moved on; the page needs a fresh start.